SL
ROCKY MOUNTAIN NUGGETS @ LAS VEGAS FLAMINGOS
07/29/2031
 
TOP OF THE 1ST
Rocky Mountain Nuggets batting - Pitching for Las Vegas Flamingos : LHP Luis Peña
Pitching: LHP Luis Peña
Batting: RHB Manuel Becerra 0-0: Ball
1-0: Swinging Strike
1-1: Foul Ball, location: 2F
1-2: Foul Ball, location: 2F
1-2: Strikes out looking
Batting: RHB Sergio Martínez 0-0: Fly out, F9 (Flyball, 89S)
Batting: RHB John Burton 0-0: Ball
1-0: Ground out 4-3 (Groundball, 4)
Top of the 1st over - 0 runs, 0 hits, 0 errors, 0 left on base; Rocky Mountain 0 - Las Vegas 0
BOTTOM OF THE 1ST
Las Vegas Flamingos batting - Pitching for Rocky Mountain Nuggets : LHP Rafael Rivera
Pitching: LHP Rafael Rivera
Batting: RHB Daniel Maldonado 0-0: SINGLE (Flyball, 89M)
Batting: RHB Sake van Arem 0-0: Ball
1-0: Ball
2-0: Foul Ball, location: 2F
2-1: Foul Ball, location: 2F
2-2: Fielders Choice at 2nd, 1-4 (Groundball, 15S)
Batting: RHB Xavier Hernández 0-0: Fly out, F5 (Line Drive, 5)
Batting: RHB Sergio Ortíz 0-0: Ball
1-0: Ground out 4-3 (Groundball, 4)
Bottom of the 1st over - 0 runs, 1 hit, 0 errors, 1 left on base; Rocky Mountain 0 - Las Vegas 0
TOP OF THE 2ND
Rocky Mountain Nuggets batting - Pitching for Las Vegas Flamingos : LHP Luis Peña
Batting: RHB David McJannett 0-0: Ground out 6-3 (Groundball, 6)
Batting: RHB Pedro Longoria 0-0: Called Strike
0-1: Ground out 6-3 (Groundball, 6M)
Batting: RHB Matt Sheppard 0-0: Ball
1-0: Called Strike
1-1: Foul Ball, location: 2F
1-2: Strikes out swinging
Top of the 2nd over - 0 runs, 0 hits, 0 errors, 0 left on base; Rocky Mountain 0 - Las Vegas 0
BOTTOM OF THE 2ND
Las Vegas Flamingos batting - Pitching for Rocky Mountain Nuggets : LHP Rafael Rivera
Batting: LHB Ruud van Ineveld 0-0: Fly out, F9 (Flyball, 89D)
Batting: RHB Sotaro Sakata 0-0: Ball
1-0: Ball
2-0: Ball
3-0: Called Strike
3-1: SOLO HOME RUN (Flyball, 9LD), Distance : 351 ft
Batting: LHB Victor Adams 0-0: Foul Ball, location: 2F
0-1: Ball
1-1: Fly out, F4 (Line Drive, 34)
Batting: SHB Glyn Bolasky 0-0: Foul Ball, location: 2F
0-1: Ball
1-1: Ball
2-1: Ball
3-1: Foul Ball, location: 2F
3-2: Base on Balls
Batting: RHB Ellis Greenham 0-0: Ball
1-0: Swinging Strike
1-1: Called Strike
1-2: Foul Ball, location: 2F
1-2: Foul Ball, location: 2F
1-2: Ball
Glyn Bolasky steals 2nd base
2-2: SINGLE (Line Drive, 78S)
Glyn Bolasky to third
Runner from 3rd tries for Home, SAFE, no throw
Batting: RHB Daniel Maldonado 0-0: Called Strike
0-1: Ball
Ellis Greenham is caught stealing 2nd base
Bottom of the 2nd over - 2 runs, 2 hits, 0 errors, 0 left on base; Rocky Mountain 0 - Las Vegas 2
TOP OF THE 3RD
Rocky Mountain Nuggets batting - Pitching for Las Vegas Flamingos : LHP Luis Peña
Batting: LHB Willis Baker 0-0: Foul Ball, location: 2F
0-1: Ground out 4-3 (Groundball, 34D)
Batting: LHB Sisto Pagnamenta 0-0: Ball
1-0: Foul Ball, location: 2F
1-1: Ball
2-1: Ball
3-1: Called Strike
3-2: Ground out 4-3 (Groundball, 4)
Batting: LHB Dong-jin Kim 0-0: Ball
1-0: Foul Ball, location: 2F
1-1: Foul Ball, location: 2F
1-2: Ground out U3 (Groundball, 34)
Top of the 3rd over - 0 runs, 0 hits, 0 errors, 0 left on base; Rocky Mountain 0 - Las Vegas 2
BOTTOM OF THE 3RD
Las Vegas Flamingos batting - Pitching for Rocky Mountain Nuggets : LHP Rafael Rivera
Batting: RHB Daniel Maldonado 0-0: Called Strike
0-1: Called Strike
0-2: SINGLE (Line Drive, 89S)
Batting: RHB Sake van Arem 0-0: Ball
1-0: Foul Ball, location: 2F
1-1: Ball
2-1: Ball
3-1: Called Strike
3-2: DOUBLE (Line Drive, 78D)
Daniel Maldonado to third
Daniel Maldonado scores
Batting: RHB Xavier Hernández 0-0: Ball
1-0: Ball
2-0: Foul Ball, location: 2F
2-1: Ball
3-1: Base on Balls
Batting: RHB Sergio Ortíz 0-0: Called Strike
0-1: Ball
1-1: Ball
2-1: Ground out 3-1 (Groundball, 34S)
Sake van Arem to third
Xavier Hernández to second
Batting: LHB Ruud van Ineveld 0-0: Ground out U3 (Groundball, 3L)
Batting: RHB Sotaro Sakata 0-0: Ball
1-0: Ball
2-0: Foul Ball, location: 2F
2-1: Ground out 5-3 (Groundball, 5L)
Bottom of the 3rd over - 1 run, 2 hits, 0 errors, 2 left on base; Rocky Mountain 0 - Las Vegas 3
TOP OF THE 4TH
Rocky Mountain Nuggets batting - Pitching for Las Vegas Flamingos : LHP Luis Peña
Batting: RHB Manuel Becerra 0-0: Called Strike
0-1: Called Strike
0-2: Foul Ball, location: 2F
0-2: Ball
1-2: Ball
2-2: Ground out 6-3 (Groundball, 6)
Batting: RHB Sergio Martínez 0-0: Ball
1-0: Ball
2-0: Foul Ball, location: 2F
2-1: Ball
3-1: Called Strike
3-2: Strikes out swinging
Batting: RHB John Burton 0-0: Called Strike
0-1: Foul Ball, location: 2F
0-2: Ball
1-2: Strikes out swinging
Top of the 4th over - 0 runs, 0 hits, 0 errors, 0 left on base; Rocky Mountain 0 - Las Vegas 3
BOTTOM OF THE 4TH
Las Vegas Flamingos batting - Pitching for Rocky Mountain Nuggets : LHP Rafael Rivera
Batting: LHB Victor Adams 0-0: Called Strike
0-1: Called Strike
0-2: Ball
1-2: Ball
2-2: Ball
3-2: SINGLE (Line Drive, 8RS)
Batting: SHB Glyn Bolasky 0-0: Ball
1-0: Foul Ball, location: 2F
1-1: Called Strike
1-2: Ball
2-2: Strikes out swinging
Batting: RHB Ellis Greenham 0-0: Called Strike
0-1: Fly out, F6 (Popup, 6M)
Batting: RHB Daniel Maldonado 0-0: Ball
1-0: Foul Ball, location: 2F
1-1: Ball
2-1: Called Strike
2-2: Ball
3-2: Foul Ball, location: 2F
3-2: Base on Balls
Victor Adams to second
Batting: RHB Sake van Arem 0-0: Fielders Choice at 2nd, 6-4 (Groundball, 6)
Bottom of the 4th over - 0 runs, 1 hit, 0 errors, 2 left on base; Rocky Mountain 0 - Las Vegas 3
TOP OF THE 5TH
Rocky Mountain Nuggets batting - Pitching for Las Vegas Flamingos : LHP Luis Peña
Batting: RHB David McJannett 0-0: Ball
1-0: Called Strike
1-1: Called Strike
1-2: Ball
2-2: Fly out, F5 (Line Drive, 5)
Batting: RHB Pedro Longoria 0-0: Ball
1-0: Called Strike
1-1: SINGLE (Groundball, 56S) (infield hit)
Batting: RHB Matt Sheppard 0-0: Ball
1-0: Called Strike
1-1: Fly out, F8 (Flyball, 78D)
Batting: LHB Willis Baker 0-0: Called Strike
0-1: Ball
1-1: Ball
2-1: Ball
3-1: Swinging Strike
3-2: Strikes out looking
Top of the 5th over - 0 runs, 1 hit, 0 errors, 1 left on base; Rocky Mountain 0 - Las Vegas 3
BOTTOM OF THE 5TH
Las Vegas Flamingos batting - Pitching for Rocky Mountain Nuggets : LHP Rafael Rivera
Batting: RHB Xavier Hernández 0-0: Ball
1-0: Ball
2-0: SINGLE (Line Drive, 89S)
Batting: RHB Sergio Ortíz 0-0: Ground out 5-3 (Groundball, 5S)
Xavier Hernández to second
Batting: LHB Ruud van Ineveld 0-0: Ball
1-0: Swinging Strike
1-1: Called Strike
1-2: Ball
2-2: Strikes out swinging
Batting: RHB Sotaro Sakata 0-0: Ball
1-0: Called Strike
1-1: Ball
2-1: Fly out, F8 (Flyball, 89XD)
Bottom of the 5th over - 0 runs, 1 hit, 0 errors, 1 left on base; Rocky Mountain 0 - Las Vegas 3
TOP OF THE 6TH
Rocky Mountain Nuggets batting - Pitching for Las Vegas Flamingos : LHP Luis Peña
Batting: LHB Sisto Pagnamenta 0-0: Called Strike
0-1: Foul Ball, location: 2F
0-2: Strikes out swinging
Batting: LHB Dong-jin Kim 0-0: Ball
1-0: Ball
2-0: Foul Ball, location: 2F
2-1: Foul Ball, location: 2F
2-2: Strikes out swinging
Batting: RHB Manuel Becerra 0-0: Called Strike
0-1: Foul Ball, location: 2F
0-2: Foul Ball, location: 2F
0-2: Ball
1-2: Ball
2-2: Foul Ball, location: 2F
2-2: Strikes out looking
Top of the 6th over - 0 runs, 0 hits, 0 errors, 0 left on base; Rocky Mountain 0 - Las Vegas 3
BOTTOM OF THE 6TH
Las Vegas Flamingos batting - Pitching for Rocky Mountain Nuggets : LHP Rafael Rivera
Batting: LHB Victor Adams 0-0: Called Strike
0-1: Ball
1-1: Fly out, F8 (Line Drive, 78M)
Batting: SHB Glyn Bolasky 0-0: Ball
1-0: Ball
2-0: SINGLE (Groundball, 6MD)
Batting: RHB Ellis Greenham 0-0: Called Strike
0-1: Ball
Glyn Bolasky steals 2nd base
1-1: Ball
2-1: Ball
Glyn Bolasky steals 3rd base
3-1: Foul Ball, location: 2F
3-2: Foul Ball, location: 2F
3-2: Foul Ball, location: 2F
3-2: Ground out 5-3 (Groundball, 5S)
Pitching: RHP Jim Sison
Batting: RHB Daniel Maldonado 0-0: Called Strike
0-1: Ball
Wild Pitch!
Glyn Bolasky scores
1-1: Ball
2-1: Ball
3-1: Foul Ball, location: 2F
3-2: Base on Balls
Batting: RHB Sake van Arem 0-0: Called Strike
0-1: Swinging Strike
0-2: Ball
1-2: Foul Ball, location: 2F
1-2: Ball
2-2: Fly out, F4 (Popup, 4M)
Bottom of the 6th over - 1 run, 1 hit, 0 errors, 1 left on base; Rocky Mountain 0 - Las Vegas 4
TOP OF THE 7TH
Rocky Mountain Nuggets batting - Pitching for Las Vegas Flamingos : LHP Luis Peña
Batting: RHB Sergio Martínez 0-0: Ground out 4-3 (Groundball, 4)
Batting: RHB John Burton 0-0: Ball
1-0: Swinging Strike
1-1: Ball
2-1: Ball
3-1: Base on Balls
Batting: RHB David McJannett 0-0: Ball
John Burton steals 2nd base
1-0: Called Strike
1-1: Foul Ball, location: 2F
1-2: Ball
2-2: Strikes out swinging
Batting: RHB Pedro Longoria 0-0: Swinging Strike
0-1: Ball
1-1: Ball
2-1: Ground out U3 (Groundball, 34S)
Top of the 7th over - 0 runs, 0 hits, 0 errors, 1 left on base; Rocky Mountain 0 - Las Vegas 4
BOTTOM OF THE 7TH
Las Vegas Flamingos batting - Pitching for Rocky Mountain Nuggets : RHP Jim Sison
Batting: RHB Xavier Hernández 0-0: Ball
1-0: Called Strike
1-1: Called Strike
1-2: Ball
2-2: Strikes out looking
Batting: RHB Sergio Ortíz 0-0: Ball
1-0: Fly out, F8 (Flyball, 8LXD)
Batting: LHB Ruud van Ineveld 0-0: Called Strike
0-1: Foul Ball, location: 2F
0-2: Ball
1-2: Fly out, F3 (Popup, 3SF)
Bottom of the 7th over - 0 runs, 0 hits, 0 errors, 0 left on base; Rocky Mountain 0 - Las Vegas 4
TOP OF THE 8TH
Rocky Mountain Nuggets batting - Pitching for Las Vegas Flamingos : LHP Luis Peña
Batting: RHB Matt Sheppard 0-0: Called Strike
0-1: Ball
1-1: Ball
2-1: Reached on error, E5 (Groundball, 56S)
Batting: LHB Willis Baker 0-0: Called Strike
0-1: Ball
1-1: Ball
2-1: Fly out, F7 (Flyball, 78M)
Batting: LHB Sisto Pagnamenta 0-0: Ball
1-0: Called Strike
1-1: Swinging Strike
1-2: Strikes out looking
Pitching: RHP Gilberto Medina
Batting: LHB Dong-jin Kim 0-0: Ball
1-0: Ball
2-0: Ball
3-0: Base on Balls
Matt Sheppard to second
Batting: RHB Manuel Becerra 0-0: Ball
1-0: Called Strike
1-1: Ball
2-1: SINGLE (Groundball, 6S) (infield hit)
Matt Sheppard to third
Dong-jin Kim to second
Batting: RHB Sergio Martínez 0-0: Ball
1-0: Ball
2-0: Ball
3-0: Called Strike
3-1: Foul Ball, location: 2F
3-2: Fly out, F7 (Line Drive, 78D)
Top of the 8th over - 0 runs, 1 hit, 1 error, 3 left on base; Rocky Mountain 0 - Las Vegas 4
BOTTOM OF THE 8TH
Las Vegas Flamingos batting - Pitching for Rocky Mountain Nuggets : RHP Jim Sison
Batting: RHB Sotaro Sakata 0-0: Called Strike
0-1: Swinging Strike
0-2: Foul Ball, location: 2F
0-2: Ball
1-2: Ground out 6-3 (Groundball, 6)
Batting: LHB Victor Adams 0-0: SOLO HOME RUN (Flyball, 9LD), Distance : 344 ft
Batting: SHB Glyn Bolasky 0-0: SINGLE (Groundball, 6S) (infield hit)
Batting: RHB Ellis Greenham 0-0: Ball
Glyn Bolasky steals 2nd base
1-0: Called Strike
1-1: Ground out 1-3 (Groundball, P)
Glyn Bolasky to third
Batting: RHB Daniel Maldonado 0-0: Called Strike
0-1: Ball
1-1: Called Strike
1-2: Foul Ball, location: 2F
1-2: SINGLE (Flyball, 89M)
Glyn Bolasky scores
Batting: RHB Sake van Arem 0-0: Foul Ball, location: 2F
0-1: Called Strike
Daniel Maldonado steals 2nd base
0-2: Ground out U3 (Groundball, 3L)
Bottom of the 8th over - 2 runs, 3 hits, 0 errors, 1 left on base; Rocky Mountain 0 - Las Vegas 6
TOP OF THE 9TH
Rocky Mountain Nuggets batting - Pitching for Las Vegas Flamingos : RHP Gilberto Medina
Now at C: Jeff Young
Batting: RHB John Burton 0-0: Called Strike
0-1: Foul Ball, location: 2F
0-2: Ball
1-2: Foul Ball, location: 2F
1-2: Strikes out swinging
Batting: RHB David McJannett 0-0: Ball
1-0: Ball
2-0: Foul Ball, location: 2F
2-1: Swinging Strike
2-2: Fly out, F9 (Flyball, 9S)
Batting: RHB Pedro Longoria 0-0: Fly out, F9 (Flyball, 9)
Top of the 9th over - 0 runs, 0 hits, 0 errors, 0 left on base; Rocky Mountain 0 - Las Vegas 6
Tuesday, June 12th, 2018 - OOTP Baseball 18.8 Build 76